TOP OF THE 1ST |
Clemson University Tigers batting - Pitching for University of Michigan Wolverines : RHP Henrik Berg
|
Pitching: RHP Henrik Berg
|
|
Batting: LHB Steve Gates
|
0-0: Called Strike 0-1: Swinging Strike 0-2: Strikes out looking
|
Batting: RHB Josh LeSage
|
0-0: Ball 1-0: Swinging Strike 1-1: Ball 2-1: Ball 3-1: Base on Balls
|
Batting: LHB George Jedinak
|
0-0: Foul Ball, location: 2F 0-1: Ball 1-1: Swinging Strike 1-2: Ball 2-2: Foul Ball, location: 2F 2-2: Strikes out swinging
|
Batting: RHB Jason Duncan
|
0-0: Ball 1-0: Called Strike 1-1: Ground out 5-3 (Groundball, 56S, EV 85.0 MPH)
|
Top of the 1st over - 0 runs, 0 hits, 0 errors, 1 left on base; Clemson University 0 - University of Michigan 0 |
BOTTOM OF THE 1ST |
University of Michigan Wolverines batting - Pitching for Clemson University Tigers : RHP John Turner
|
Pitching: RHP John Turner
|
|
Batting: RHB Chris Williamson
|
0-0: Foul Ball, location: 2F 0-1: Ball 1-1: Ball 2-1: Ball 3-1: Foul Ball, location: 2F 3-2: Strikes out swinging
|
Batting: LHB Omar Gutierrez
|
0-0: Called Strike 0-1: Foul Ball, location: 2F 0-2: Foul Ball, location: 2F 0-2: Ball 1-2: Ball 2-2: Ground out 1-3 (Groundball, 23, EV 60.6 MPH)
|
Batting: RHB Danny Arroyo
|
0-0: Foul Ball, location: 2F 0-1: Ground out 1-3 (Groundball, 13S, EV 65.0 MPH)
|
Bottom of the 1st over - 0 runs, 0 hits, 0 errors, 0 left on base; Clemson University 0 - University of Michigan 0 |
TOP OF THE 2ND |
Clemson University Tigers batting - Pitching for University of Michigan Wolverines : RHP Henrik Berg
|
Batting: LHB Mario Nunez
|
0-0: Foul Ball, location: 2F 0-1: Ball 1-1: Called Strike 1-2: Foul Ball, location: 2F 1-2: Strikes out swinging
|
Batting: RHB Willis Suarez
|
0-0: Ball 1-0: Ball 2-0: Called Strike 2-1: Ball 3-1: Base on Balls
|
Batting: RHB Marco Maggs
|
0-0: Ball 1-0: Ball 2-0: Foul Ball, location: 2F 2-1: Ball 3-1: Base on Balls Willis Suarez to second
|
Batting: RHB Jose Rolon
|
0-0: Ball 1-0: Fly out, F8 (Flyball, 8LD, EV 91.2 MPH)
|
Batting: RHB David Rhodes
|
0-0: Ball 1-0: SINGLE (Groundball, 6, EV 104.4 MPH) Willis Suarez to third Marco Maggs to second Runner from 3rd tries for Home, SAFE, throw by LF to home
|
Batting: LHB Steve Gates
|
0-0: Swinging Strike 0-1: Ball 1-1: Foul Ball, location: 2F 1-2: Ball 2-2: Ball 3-2: Foul Ball, location: 2F 3-2: SINGLE (Groundball, 34D, EV 98.8 MPH) Marco Maggs to third David Rhodes to second Marco Maggs scores David Rhodes to third
|
Batting: RHB Josh LeSage
|
0-0: Ball Wild Pitch! David Rhodes scores Steve Gates to second 1-0: Foul Ball, location: 2F 1-1: Ball 2-1: Ball 3-1: Base on Balls
|
Batting: LHB George Jedinak
|
0-0: Ball 1-0: Called Strike 1-1: Foul Ball, location: 2F 1-2: Strikes out swinging
|
Top of the 2nd over - 3 runs, 2 hits, 0 errors, 2 left on base; Clemson University 3 - University of Michigan 0 |
BOTTOM OF THE 2ND |
University of Michigan Wolverines batting - Pitching for Clemson University Tigers : RHP John Turner
|
Batting: RHB Quirino Portel
|
0-0: Called Strike 0-1: Ball 1-1: Foul Ball, location: 2F 1-2: Strikes out swinging
|
Batting: LHB Lance Sabo
|
0-0: Foul Ball, location: 2F 0-1: Ball 1-1: Foul Ball, location: 2F 1-2: Ground out 5-3 (Groundball, 5, EV 81.9 MPH)
|
Batting: RHB Aaron Marakovits
|
0-0: Ball 1-0: Foul Ball, location: 2F 1-1: Called Strike 1-2: Ball 2-2: Strikes out swinging
|
Bottom of the 2nd over - 0 runs, 0 hits, 0 errors, 0 left on base; Clemson University 3 - University of Michigan 0 |
TOP OF THE 3RD |
Clemson University Tigers batting - Pitching for University of Michigan Wolverines : RHP Henrik Berg
|
Batting: RHB Jason Duncan
|
0-0: SINGLE (Groundball, 56D, EV 95.6 MPH)
|
Batting: LHB Mario Nunez
|
0-0: Called Strike Jason Duncan is caught stealing 2nd base 2-6 0-1: Called Strike 0-2: Foul Ball, location: 2F 0-2: SINGLE (Flyball, 5D, EV 86.9 MPH)
|
Batting: RHB Willis Suarez
|
0-0: Ball 1-0: Ball 2-0: Called Strike 2-1: Ball 3-1: Base on Balls Mario Nunez to second
|
Batting: RHB Marco Maggs
|
0-0: Called Strike 0-1: Fly out, F4 (Popup, 13, EV 82.5 MPH)
|
Batting: RHB Jose Rolon
|
0-0: Ball Wild Pitch! Mario Nunez to third Willis Suarez to second 1-0: Ball 2-0: SINGLE (Line Drive, 56D, EV 104.4 MPH) Mario Nunez scores Willis Suarez to third Runner from 3rd tries for Home, SAFE, throw by LF to home
|
Batting: RHB David Rhodes
|
0-0: Ball 1-0: Ball 2-0: Fly out, F9 (Flyball, 89M, EV 93.1 MPH)
|
Top of the 3rd over - 2 runs, 3 hits, 0 errors, 1 left on base; Clemson University 5 - University of Michigan 0 |
BOTTOM OF THE 3RD |
University of Michigan Wolverines batting - Pitching for Clemson University Tigers : RHP John Turner
|
Batting: RHB Mario Cruz
|
0-0: Foul Ball, location: 2F 0-1: Called Strike 0-2: Ground out U3 (Groundball, 34, EV 104.4 MPH)
|
Batting: LHB Murdock Cranton
|
0-0: Swinging Strike 0-1: Ball 1-1: Called Strike 1-2: Strikes out looking
|
Batting: RHB Torsten Ernst
|
0-0: Fly out, F8 (Flyball, 8LD, EV 93.8 MPH)
|
Bottom of the 3rd over - 0 runs, 0 hits, 0 errors, 0 left on base; Clemson University 5 - University of Michigan 0 |
TOP OF THE 4TH |
Clemson University Tigers batting - Pitching for University of Michigan Wolverines : RHP Henrik Berg
|
Batting: LHB Steve Gates
|
0-0: Called Strike 0-1: Ball 1-1: Swinging Strike 1-2: Foul Ball, location: 2F 1-2: Ball 2-2: Foul Ball, location: 2F 2-2: Ball 3-2: Base on Balls
|
Batting: RHB Josh LeSage
|
0-0: Grounds into double play, 5-4-3 (Groundball, 5, EV 87.5 MPH)
|
Batting: LHB George Jedinak
|
0-0: Ball 1-0: Foul Ball, location: 2F 1-1: Ball 2-1: Ground out 1-3 (Groundball, 34S, EV 72.5 MPH)
|
Top of the 4th over - 0 runs, 0 hits, 0 errors, 0 left on base; Clemson University 5 - University of Michigan 0 |
BOTTOM OF THE 4TH |
University of Michigan Wolverines batting - Pitching for Clemson University Tigers : RHP John Turner
|
Batting: RHB Chris Williamson
|
0-0: Called Strike 0-1: Foul Ball, location: 2F 0-2: Foul Ball, location: 2F 0-2: Ball 1-2: Foul Ball, location: 2F 1-2: Strikes out swinging
|
Batting: LHB Omar Gutierrez
|
0-0: Called Strike 0-1: Ball 1-1: Ball 2-1: Ground out U3 (Groundball, 3L, EV 80.0 MPH)
|
Batting: RHB Danny Arroyo
|
0-0: Called Strike 0-1: Ball 1-1: Ball 2-1: Fly out, F4 (Popup, 34, EV 80.0 MPH)
|
Bottom of the 4th over - 0 runs, 0 hits, 0 errors, 0 left on base; Clemson University 5 - University of Michigan 0 |
TOP OF THE 5TH |
Clemson University Tigers batting - Pitching for University of Michigan Wolverines : RHP Henrik Berg
|
Batting: RHB Jason Duncan
|
0-0: Fly out, F7 (Line Drive, 7S, EV 92.5 MPH)
|
Batting: LHB Mario Nunez
|
0-0: Ball 1-0: Ball 2-0: SINGLE (Flyball, 34D, EV 87.5 MPH)
|
Batting: RHB Willis Suarez
|
0-0: Ball 1-0: Ball Mario Nunez steals 2nd, throwing error, E2 Mario Nunez to third 2-0: Foul Ball, location: 2F 2-1: Ball 3-1: Base on Balls
|
Batting: RHB Marco Maggs
|
0-0: SINGLE (Groundball, 56, EV 88.8 MPH) (infield hit) Mario Nunez scores Willis Suarez to second
|
Batting: RHB Jose Rolon
|
0-0: SINGLE (Line Drive, 9S, EV 89.4 MPH) Willis Suarez to third Marco Maggs to second Runner from 3rd tries for Home, SAFE, throw by RF to home
|
Batting: RHB David Rhodes
|
0-0: Fly out, F9 (Flyball, 9S, EV 85.0 MPH)
|
Batting: LHB Steve Gates
|
0-0: Ball 1-0: Ball 2-0: SINGLE (Groundball, 34D, EV 103.1 MPH) Marco Maggs to third Jose Rolon to second Runner from 3rd tries for Home, SAFE, throw by RF to home
|
Batting: RHB Josh LeSage
|
0-0: Fly out, F8 (Flyball, 78M, EV 94.4 MPH)
|
Top of the 5th over - 3 runs, 4 hits, 1 error, 2 left on base; Clemson University 8 - University of Michigan 0 |
BOTTOM OF THE 5TH |
University of Michigan Wolverines batting - Pitching for Clemson University Tigers : RHP John Turner
|
Batting: RHB Quirino Portel
|
0-0: Called Strike 0-1: Ball 1-1: SINGLE (Groundball, 25, EV 73.8 MPH) (infield hit)
|
Batting: LHB Lance Sabo
|
0-0: Called Strike 0-1: Ball 1-1: Swinging Strike 1-2: Ball 2-2: Foul Ball, location: 2F 2-2: Ball 3-2: Fly out, F8 (Flyball, 89M, EV 88.1 MPH)
|
Batting: RHB Aaron Marakovits
|
0-0: Called Strike Quirino Portel steals 2nd base 0-1: Ball 1-1: Ball 2-1: Ball 3-1: Swinging Strike 3-2: Strikes out swinging
|
Batting: RHB Mario Cruz
|
0-0: Called Strike 0-1: Ball 1-1: Foul Ball, location: 2F 1-2: Foul Ball, location: 2F 1-2: Foul Ball, location: 2F 1-2: Ball 2-2: Ball 3-2: Strikes out swinging
|
Bottom of the 5th over - 0 runs, 1 hit, 0 errors, 1 left on base; Clemson University 8 - University of Michigan 0 |
TOP OF THE 6TH |
Clemson University Tigers batting - Pitching for University of Michigan Wolverines : RHP Henrik Berg
|
Batting: LHB George Jedinak
|
0-0: Fly out, F6 (Popup, 6MS, EV 61.9 MPH)
|
Batting: RHB Jason Duncan
|
0-0: Called Strike 0-1: Foul Ball, location: 2F 0-2: Ball 1-2: Strikes out swinging
|
Batting: LHB Mario Nunez
|
0-0: SOLO HOME RUN (Flyball, 9D, EV 96.9 MPH), Distance : 372 ft
|
Batting: RHB Willis Suarez
|
0-0: SINGLE (Groundball, 4MD, EV 104.4 MPH)
|
Batting: RHB Marco Maggs
|
0-0: SINGLE (Groundball, 34D, EV 95.0 MPH) Willis Suarez to second Runner from 2nd tries for 3rd, SAFE, throw by RF made to third
|
Batting: RHB Jose Rolon
|
0-0: Fielders Choice at 2nd, U6 (Groundball, 6M, EV 86.9 MPH)
|
Top of the 6th over - 1 run, 3 hits, 0 errors, 2 left on base; Clemson University 9 - University of Michigan 0 |
BOTTOM OF THE 6TH |
University of Michigan Wolverines batting - Pitching for Clemson University Tigers : RHP John Turner
|
Batting: LHB Murdock Cranton
|
0-0: Swinging Strike 0-1: Foul Ball, location: 2F 0-2: Strikes out swinging
|
Batting: RHB Torsten Ernst
|
0-0: Called Strike 0-1: Fly out, F8 (Flyball, 8RD, EV 90.6 MPH)
|
Batting: RHB Chris Williamson
|
0-0: Called Strike 0-1: Ball 1-1: Swinging Strike 1-2: Ball 2-2: Strikes out swinging
|
Bottom of the 6th over - 0 runs, 0 hits, 0 errors, 0 left on base; Clemson University 9 - University of Michigan 0 |
TOP OF THE 7TH |
Clemson University Tigers batting - Pitching for University of Michigan Wolverines : RHP Henrik Berg
|
Batting: RHB David Rhodes
|
0-0: Called Strike 0-1: Ball 1-1: Ball 2-1: Ball 3-1: Called Strike 3-2: Strikes out looking
|
Batting: LHB Steve Gates
|
0-0: Ball 1-0: Fly out, F7 (Flyball, 78M, EV 93.8 MPH)
|
Batting: RHB Josh LeSage
|
0-0: Ball 1-0: Ball 2-0: Ball 3-0: Called Strike 3-1: Base on Balls
|
Batting: LHB George Jedinak
|
0-0: Called Strike 0-1: Ball 1-1: Ball 2-1: Ball 3-1: Base on Balls Josh LeSage to second
|
Batting: RHB Jason Duncan
|
0-0: Ball 1-0: Called Strike 1-1: Foul Ball, location: 2F 1-2: Strikes out swinging
|
Top of the 7th over - 0 runs, 0 hits, 0 errors, 2 left on base; Clemson University 9 - University of Michigan 0 |
BOTTOM OF THE 7TH |
University of Michigan Wolverines batting - Pitching for Clemson University Tigers : RHP John Turner
|
Batting: LHB Omar Gutierrez
|
0-0: Foul Ball, location: 2F 0-1: Ball 1-1: Ball 2-1: Foul Ball, location: 2F 2-2: Foul Ball, location: 2F 2-2: Ball 3-2: Strikes out swinging
|
Pitching: RHP Gustavo Carena
|
|
Batting: RHB Danny Arroyo
|
0-0: Ball 1-0: Foul Ball, location: 2F 1-1: Foul Ball, location: 2F 1-2: Strikes out swinging
|
Batting: RHB Quirino Portel
|
0-0: DOUBLE (Line Drive, 78D, EV 104.4 MPH)
|
Batting: LHB Lance Sabo
|
0-0: Ball 1-0: Ball 2-0: SINGLE (Groundball, 34D, EV 101.2 MPH) Quirino Portel to third Runner from 3rd tries for Home, SAFE, throw by RF to home
|
Batting: RHB Aaron Marakovits
|
0-0: SINGLE (Flyball, 5D, EV 96.9 MPH) Lance Sabo to second
|
Batting: RHB Mario Cruz
|
0-0: Ball 1-0: Fly out, F8 (Flyball, 8LD, EV 95.0 MPH)
|
Bottom of the 7th over - 1 run, 3 hits, 0 errors, 2 left on base; Clemson University 9 - University of Michigan 1 |
TOP OF THE 8TH |
Clemson University Tigers batting - Pitching for University of Michigan Wolverines : RHP Henrik Berg
|
Batting: LHB Mario Nunez
|
0-0: SINGLE (Flyball, 78S, EV 96.9 MPH)
|
Batting: RHB Willis Suarez
|
0-0: Ball 1-0: Ball 2-0: Called Strike 2-1: Called Strike 2-2: Strikes out looking
|
Batting: RHB Marco Maggs
|
0-0: Ball 1-0: Ball 2-0: Ball 3-0: Called Strike 3-1: Called Strike 3-2: Base on Balls Mario Nunez to second
|
Batting: RHB Jose Rolon
|
0-0: Ball 1-0: Ball 2-0: Fly out, F8 (Flyball, 8LM, EV 84.4 MPH)
|
Batting: RHB David Rhodes
|
0-0: Ball 1-0: Called Strike 1-1: Ball 2-1: Foul Ball, location: 2F 2-2: Ball 3-2: Base on Balls Mario Nunez to third Marco Maggs to second
|
Batting: LHB Steve Gates
|
0-0: Called Strike 0-1: Ball 1-1: Ball 2-1: Ball 3-1: Base on Balls Mario Nunez scores Marco Maggs to third David Rhodes to second
|
Batting: RHB Josh LeSage
|
0-0: DOUBLE (Flyball, 78D, EV 97.5 MPH) Marco Maggs scores David Rhodes scores Steve Gates to third Runner from 3rd tries for Home, SAFE, no throw by CF
|
Batting: LHB George Jedinak
|
0-0: SINGLE (Groundball, 4MD, EV 98.1 MPH) Josh LeSage to third Runner from 3rd tries for Home, SAFE, throw by CF to home
|
Batting: RHB Jason Duncan
|
0-0: SINGLE (Groundball, 56S, EV 72.5 MPH) (infield hit) George Jedinak to second
|
Batting: LHB Mario Nunez
|
0-0: Called Strike 0-1: Fly out, F7 (Line Drive, 7S, EV 91.9 MPH)
|
Top of the 8th over - 5 runs, 4 hits, 0 errors, 2 left on base; Clemson University 14 - University of Michigan 1 |
BOTTOM OF THE 8TH |
University of Michigan Wolverines batting - Pitching for Clemson University Tigers : RHP Gustavo Carena
|
Batting: LHB Murdock Cranton
|
0-0: Ball 1-0: Ball 2-0: Foul Ball, location: 2F 2-1: Ground out U3 (Groundball, 34S, EV 72.5 MPH)
|
Batting: RHB Torsten Ernst
|
0-0: Called Strike 0-1: Ball 1-1: Called Strike 1-2: Strikes out swinging
|
Batting: RHB Chris Williamson
|
0-0: Called Strike 0-1: Ball 1-1: Foul Ball, location: 2F 1-2: Ball 2-2: Ball 3-2: Strikes out swinging
|
Bottom of the 8th over - 0 runs, 0 hits, 0 errors, 0 left on base; Clemson University 14 - University of Michigan 1 |
TOP OF THE 9TH |
Clemson University Tigers batting - Pitching for University of Michigan Wolverines : RHP Henrik Berg
|
Batting: RHB Willis Suarez
|
0-0: Ball 1-0: Ball 2-0: Foul Ball, location: 2F 2-1: Ball 3-1: Base on Balls
|
Batting: RHB Marco Maggs
|
0-0: Ball 1-0: Ball 2-0: Ball 3-0: Called Strike 3-1: Foul Ball, location: 2F 3-2: Base on Balls Willis Suarez to second
|
Batting: RHB Jose Rolon
|
0-0: Ball 1-0: Ball 2-0: Ball 3-0: Called Strike 3-1: Foul Ball, location: 2F 3-2: Foul Ball, location: 2F 3-2: Strikes out looking
|
Batting: RHB David Rhodes
|
0-0: Ball 1-0: Grounds into double play, 1-4-3 (Groundball, P, EV 63.1 MPH)
|
Top of the 9th over - 0 runs, 0 hits, 0 errors, 1 left on base; Clemson University 14 - University of Michigan 1 |
BOTTOM OF THE 9TH |
University of Michigan Wolverines batting - Pitching for Clemson University Tigers : RHP Gustavo Carena
|
Batting: LHB Omar Gutierrez
|
0-0: Called Strike 0-1: Ball 1-1: Foul Ball, location: 2F 1-2: Strikes out swinging
|
Batting: RHB Danny Arroyo
|
0-0: SINGLE (Groundball, 6, EV 96.2 MPH)
|
Pitching: LHP Jonathan Hughes
|
|
Batting: RHB Quirino Portel
|
0-0: Ball 1-0: Foul Ball, location: 2F 1-1: Foul Ball, location: 2F 1-2: Foul Ball, location: 2F 1-2: Strikes out swinging
|
Batting: LHB Lance Sabo
|
0-0: Foul Ball, location: 2F 0-1: Foul Ball, location: 2F 0-2: Foul Ball, location: 2F 0-2: Foul Ball, location: 2F 0-2: Strikes out swinging
|
Bottom of the 9th over - 0 runs, 1 hit, 0 errors, 1 left on base; Clemson University 14 - University of Michigan 1 |
|